 Dungeon Crawl Stone Soup version 0.25-a0-294-gea9b1ad378 (webtiles) character file.

Game seed: 8961901653116423113, levelgen mode: classic

101 Borgoz the Skirmisher (level 4, 0/29 HPs)
             Began as a Gargoyle Fighter on Dec 17, 2019.
             Slain by a gnoll
             ... wielding a cursed -1 flail
              (2 damage)
             ... on level 3 of the Dungeon.
             The game lasted 00:02:11 (1792 turns).

Borgoz the Skirmisher (Gargoyle Fighter)            Turns: 1792, Time: 00:02:11

Health: 0/29       AC: 10    Str: 20    XL:     4   Next: 75%
Magic:  4/4        EV:  7    Int:  8    God:
Gold:   113        SH: 13    Dex: 10    Spells: 3/3 levels left

rFire    . . .     SeeInvis .   a - +0 flail
rCold    . . .     Gourm    .   c - +0 shield
rNeg     + . .     Faith    .   b - +0 scale mail
rPois    ∞         Spirit   .   (no helmet)
rElec    +         Reflect  +   (no cloak)
rCorr    .         Harm     .   (no gloves)
MR       .....                  (no boots)
Stlth    ..........             j - +4 amulet of reflection
HPRegen  0.09/turn              (no ring)
MPRegen  0.09/turn              (no ring)

@: hasted, very quick
A: negative energy resistance 1, electricity resistance, unbreathing,
petrification resistance, rot immunity, AC +3
a: no special abilities


You were on level 3 of the Dungeon.
You were very hungry.

You visited 1 branch of the dungeon, and saw 3 of its levels.

You collected 113 gold pieces.

Inventory:

Hand Weapons
 a - a +0 flail (weapon)
Armour
 b - a +0 scale mail (worn)
 c - a +0 shield (worn)
Jewellery
 j - a +4 amulet of reflection (around neck)
 n - an uncursed ring of ice
Scrolls
 h - a scroll of remove curse {unknown}
 i - a scroll of blinking {unknown}
 k - a scroll of noise {unknown}
 l - 3 scrolls of identify {unknown}
Potions
 e - a potion of haste
 g - a potion of agility
 m - a potion of curing {unknown}
 p - a potion of berserk rage {unknown}
 q - a potion of degeneration {unknown}
Comestibles
 f - 3 rations


   Skills:
 + Level 3.9 Fighting
 * Level 3.3 Maces & Flails
 + Level 3.9 Armour
 + Level 3.9 Shields


You had 3 spell levels left.
You didn't know any spells.
Your spell library was empty.

Dungeon Overview and Level Annotations

Branches:
Dungeon (3/15)

Altars:
Vehumet


Innate Abilities, Weirdness & Mutations

You are resistant to torment.
Your stone body is resilient. (AC +3)
You are immune to poison.
You resist negative energy. (rN+)
You are resistant to electric shocks. (rElec)
You can survive without breathing.
You are immune to petrification.
You are immune to rotting.


Message History

You closely miss the gnoll. The gnoll barely misses you.
You block the gnoll's attack.
You closely miss the gnoll. The gnoll hits you with a +0 flail.
You block the gnoll's attack.
You closely miss the gnoll. You block the gnoll's attack.
The gnoll hits you but does no damage.
You closely miss the gnoll. You block the gnoll's attack.
The gnoll hits you but does no damage.
You hit the gnoll.
The gnoll is moderately wounded.
The gnoll hits you with a +0 flail! You block the gnoll's attack.
You are too injured to fight recklessly!
You are too injured to fight recklessly!
You are too injured to fight recklessly!
The gnoll hits you with a +0 flail!
* * * LOW HITPOINT WARNING * * *
You block the gnoll's attack.
It was a potion of haste.
You feel yourself speed up.
The gnoll hits you with a cursed -1 flail.
You die...

..............# #............#
##...........# ..
..#............# #..
_......<.....# ##... .......
..#..........######....
.>..... ##................#.#
.......
#..........####..##.##........
....#.......gg@.#.......
......
..#...###.######...##)## #...
. ###. #.# # ###.).).######...
#. ..# ..###...............
#.## #................##. ..
.......?!........... ##
##..<...............
#................#.
#..................


You could see 2 gnolls.

Vanquished Creatures
  4 adders
  2 gnolls (D:3)
  2 dart slugs
  A leopard gecko (D:2)
  A ball python (D:1)
  A bat (D:1)
  2 giant cockroaches
  9 goblins
  4 hobgoblins
  3 jackals (D:2)
  3 kobolds
  2 frilled lizards
  6 rats (D:2)
40 creatures vanquished.

Vanquished Creatures (others)
  A kobold (D:2)
1 creature vanquished.

Grand Total: 41 creatures vanquished

Notes
Turn   | Place    | Note
-------+----------+-------------------------------------------
     0 | D:1      | Borgoz the Gargoyle Fighter began the quest for the Orb.
     0 | D:1      | Reached XP level 1. HP: 14/14 MP: 1/1
   391 | D:1      | Reached XP level 2. HP: 14/19 MP: 2/2
   735 | D:2      | Reached XP level 3. HP: 19/23 MP: 3/3
  1077 | D:2      | Reached XP level 4. HP: 25/29 MP: 4/4
  1483 | D:3      | HP: 1/29 [gnoll/cursed -1 flail (6)]
  1496 | D:3      | Found a radiant altar of Vehumet.
  1784 | D:3      | HP: 1/29 [gnoll/+0 flail (10)]
  1792 | D:3      | Slain by a gnoll

Levels and vault maps discovered:
D:1:      minmay_arrival_widening_spiral_wide, layout_basic
D:2:      layout_rooms, nicolae_overflow_hidden_temple, first_ration,
          serial_rivers, chequers_serial_rivers_small_b,
          chequers_serial_rivers_micro_a, chequers_serial_rivers_micro_b,
          chequers_serial_rivers_micro_b, chequers_serial_rivers_room_b,
          st_stairs_3
D:3:      layout_rooms, vehumet_crystals

Skill      XL: |  1  2  3 |
---------------+----------+-----
Maces & Flails | 3 |  3.3
Fighting       | |  3.9
Armour         | |  3.9
Shields        | |  3.9

Action                   |  1- 3 |  4- 6 || total
-------------------------+-------+-------++-------
Melee: Flail             |   108 |    43 ||   151
  Use: Potion            |       |     2 ||     2
  Eat: Chunk             |       |     2 ||     2
Armor: Scale mail        |    68 |    15 ||    83
Dodge: Dodged            |    27 |    12 ||    39
Block: Shield            |    91 |    35 ||   126
       Reflection        |     1 |     1 ||     2

Table legend:
 A = Non-vault XP
 B = Vault XP
 C = Vault XP percentage of total XP
 D = Non-vault monster count
 E = Vault monster count
 F = Vault count percentage of total count
                 A         B        C        D         E       F
            +---------+---------+-------+---------+---------+-------
      Total |     143 |       2 |   1.4 |      39 |       1 |   2.5
            +---------+---------+-------+---------+---------+-------
        D:1 |      19 |       0 |   0.0 |       9 |       0 |   0.0
        D:2 |      76 |       2 |   2.6 |      24 |       1 |   4.0
        D:3 |      48 |       0 |   0.0 |       6 |       0 |   0.0
            +---------+---------+-------+---------+---------+-------
